Map: New Richmond

Players

Loken

  • Race: Zerg Zerg
  • League: Platinum
  • Spawn Location: 5:00

Myran

  • Race: Protoss Protoss
  • Spawn Location: 6:00

dallaskuken

  • Race: Protoss Protoss
  • League: Platinum
  • Spawn Location: 7:00

steve

  • Race: Zerg Zerg
  • League: Diamond
  • Spawn Location: 12:00

Børinga

  • Race: Protoss Protoss
  • League: Platinum
  • Spawn Location: 3:00

Cyclone

  • Race: Protoss Protoss
  • Spawn Location: 11:00

VOD

Have the link to the VOD?

Description

Time

  • Played on: April 5, 2017, 6:23 p.m.
  • Length: 12:07
Show
View Real Time Build Order
Export as new Build Order

Loken Zerg 

Build Orders: Hatch First 

Get SALT Encoding   

  12  0:01  Drone  
  13  0:08  Drone  
  14  0:18  Overlord  
  14  0:39  Drone x3  
  17  0:58  Drone  
  17  1:00  Hatchery  
  17  1:07  Drone  
  18  1:18  Spawning Pool  
  18  1:19  Drone  
  18  1:30  Drone  
  19  1:33  Extractor  
  19  1:34  Overlord  
  18  2:01  Drone  
  18  2:02  Drone  
  20  2:12  Zergling x2  
  20  2:14  Queen  
  20  2:15  Queen  
  25  2:17  Zergling x4  
  27  2:25  Zergling x2  
  28  2:33  Zergling x2  
  29  3:00  Zergling x12  
  35  3:15  Zergling x2  
  36  3:23  Overlord x3  
  31  3:28  Metabolic Boost  
  30  3:40  Queen  
  30  3:41  Queen  
  32  3:44  Zergling x8  
  36  3:58  Zergling x2  
  36  3:59  Zergling x8  
  37  4:33  Zergling x14  
  37  4:34  Zergling x8  
  48  4:45  Zergling x4  
  46  4:55  Zergling x2  
  46  4:56  Zergling x2  
  47  5:06  Zergling x2  
  42  5:07  Zergling x6  
  35  5:19  Hatchery, Zergling x6  
  36  5:30  Zergling x8  
  40  5:47  Zergling x2  
  40  5:48  Zergling x4  
  42  6:00  Zergling x2  
  42  6:01  Zergling x12  
  37  6:16  Zergling x4  
  39  6:28  Zergling x2  
  39  6:29  Zergling x8  
  42  6:50  Zergling x16  
  50  7:07  Zergling x14  
  52  7:21  Zergling x2  
  52  7:22  Zergling x8  
  51  7:34  Zergling x12  
  53  7:48  Zergling x2  
  53  7:49  Zergling x10  
  49  7:56  Zergling x2  
  49  7:57  Zergling x12  
  46  8:26  Hatchery, Zergling x12  
  46  8:27  Zergling x16  
  43  8:50  Zergling x16  
  41  9:07  Zergling x6  
  29  9:36  Drone  
  29  9:37  Drone x6  
  33  10:13  Zergling x2  
  34  10:14  Zergling x24  
  34  10:15  Zergling x2  
  47  10:39  Lair  
  47  10:43  Zergling x2  
  47  10:44  Zergling x16  
  56  10:56  Zergling x8  
  56  10:57  Zergling x2  
  61  11:10  Zergling x2  
  61  11:11  Zergling x10  
  43  11:40  Zergling x2  
  43  11:41  Zergling x24  
  47  11:48  Zergling x6  
Show
View Real Time Build Order
Export as new Build Order

Myran Protoss 

Build Orders:  

Get SALT Encoding   

  12  0:02  Probe (Chrono Boost)  
  13  0:13  Probe (Chrono Boost)  
  14  0:23  Pylon  
  14  0:24  Probe (Chrono Boost)  
  15  0:43  Probe (Chrono Boost)  
  15  0:47  Forge  
  16  1:05  Probe (Chrono Boost)  
  16  1:09  Gateway  
  17  1:15  Pylon  
  17  1:48  Nexus  
  17  2:01  Cybernetics Core  
  17  2:12  Zealot  
  19  2:17  Photon Cannon  
  19  2:21  Photon Cannon  
  19  2:27  Pylon  
  19  2:56  Probe (Chrono Boost)  
  19  3:01  Zealot  
  21  3:06  Probe (Chrono Boost)  
  21  3:09  Photon Cannon  
  20  3:17  Probe (Chrono Boost)  
  21  3:22  Photon Cannon  
  21  3:24  Pylon  
  21  3:26  Assimilator  
  21  3:29  Probe (Chrono Boost)  
  22  3:39  Probe (Chrono Boost)  
  21  3:50  Probe (Chrono Boost)  
  22  3:58  Zealot  
  22  4:00  Probe (Chrono Boost)  
  25  4:05  Photon Cannon  
  25  4:11  Probe x2 (Chrono Boost)  
  25  4:24  Pylon  
  25  4:29  Pylon  
  25  4:51  Photon Cannon  
  25  4:52  Photon Cannon  
  23  4:56  Probe (Chrono Boost)  
  24  5:02  Photon Cannon  
  24  5:07  Probe (Chrono Boost)  
  27  5:18  Probe (Chrono Boost)  
  28  5:23  Pylon  
  28  5:40  Pylon  
  28  5:45  Probe (Chrono Boost)  
  28  5:56  Probe (Chrono Boost)  
  25  6:06  Probe (Chrono Boost)  
  26  6:11  Photon Cannon  
  26  6:12  Photon Cannon x2  
  26  6:17  Probe (Chrono Boost)  
  27  6:27  Probe (Chrono Boost)  
  28  6:34  Nexus  
Show
View Real Time Build Order
Export as new Build Order

dallaskuken Protoss 

Build Orders:  

Get SALT Encoding   

  12  0:04  Probe (Chrono Boost)  
  13  0:16  Pylon  
  13  0:17  Probe (Chrono Boost)  
  14  0:28  Probe (Chrono Boost)  
  15  0:38  Gateway, Probe (Chrono Boost)  
  16  0:49  Probe (Chrono Boost)  
  17  0:52  Gateway  
  17  0:59  Assimilator  
  17  1:05  Probe (Chrono Boost)  
  18  1:15  Pylon, Probe (Chrono Boost)  
  19  1:18  Assimilator  
  19  1:27  Cybernetics Core  
  19  1:31  Probe (Chrono Boost)  
  20  1:42  Probe (Chrono Boost)  
  21  1:53  Probe (Chrono Boost)  
  22  2:03  Stalker x2, Probe (Chrono Boost)  
  22  2:04  Warp Gate  
  27  2:21  Mothership Core (Chrono Boost)  
  29  2:37  Stalker  
  31  2:45  Pylon  
  31  3:03  Stalker  
  33  3:07  Stalker  
  33  3:39  Stalker x2  
  33  4:09  Stalker  
  35  4:10  Nexus  
  22  5:10  Stalker x2  
  26  5:16  Gateway  
  26  5:18  Gateway  
  24  5:23  Mothership Core (Chrono Boost)  
  26  5:41  Probe (Chrono Boost)  
  27  5:44  Stargate  
  27  5:51  Zealot x2  
  27  5:52  Probe (Chrono Boost)  
  23  6:25  Stalker x2  
  27  6:32  Zealot x2  
  31  6:38  Pylon  
  31  6:39  Pylon  
  31  6:49  Stalker  
  31  6:50  Stalker  
  35  7:04  Void Ray  
  39  7:15  Stalker x4  
  47  7:38  Nexus  
  29  8:14  Void Ray  
  29  8:16  Stalker x4  
  38  8:45  Zealot x2  
  38  8:46  Zealot x2  
  46  9:11  Nexus  
  46  9:16  Pylon  
  45  9:35  Void Ray  
  49  9:41  Nexus  
  49  9:56  Sentry  
  49  9:57  Stalker  
  49  9:58  Stalker  
  29  11:01  Pylon  
  29  11:05  Pylon  
Show
View Real Time Build Order
Export as new Build Order

steve Zerg 

Build Orders: Pool First 

Get SALT Encoding   

  12  0:01  Drone  
  13  0:22  Spawning Pool  
  13  0:26  Extractor  
  13  0:27  Drone  
  12  0:32  Drone  
  13  0:38  Drone  
  14  0:55  Overlord  
  14  1:12  Queen  
  14  1:14  Zergling x4  
  14  1:15  Zergling x2  
  19  1:27  Zergling x2  
  20  1:37  Zergling x2  
  21  1:40  Metabolic Boost  
  21  1:46  Overlord  
  21  2:02  Zergling x2  
  22  2:09  Zergling x2  
  23  2:20  Zergling x2  
  24  2:29  Zergling x6  
  26  2:44  Zergling x2  
  24  2:52  Zergling x2  
  25  3:00  Zergling x2  
  26  3:10  Zergling x6  
  26  3:28  Zergling x4  
  23  3:52  Hatchery  
  21  3:58  Zergling x2  
  21  3:59  Zergling x4  
  21  4:18  Zergling x6  
  21  4:19  Zergling x2  
  22  4:40  Zergling x8  
  25  4:46  Zergling x2  
  26  4:54  Zergling x2  
  24  5:06  Queen  
  26  5:11  Drone x5  
  31  5:31  Overlord  
  31  5:35  Zergling x6  
  34  5:50  Zergling x6  
  37  5:59  Zergling x8  
  37  6:03  Zergling x2  
  34  6:28  Zergling x14  
  42  6:47  Zergling x4  
  42  6:50  Overlord  
  43  7:03  Lair  
  43  7:06  Extractor  
  43  7:07  Evolution Chamber  
  41  7:08  Evolution Chamber  
  37  7:20  Zergling x16  
  37  7:26  Drone x4  
  41  7:36  Drone x4  
  36  7:41  Zerg Melee Weapons Level 1, Zerg Ground Armor Level 1  
  35  7:47  Zergling x2  
  35  7:48  Zergling x2  
  37  7:56  Zergling x4  
  37  7:57  Zergling x6  
  39  8:04  Zergling x2  
  39  8:05  Zergling x2  
  37  8:18  Zergling x4  
  37  8:19  Zergling x4  
  41  8:36  Hydralisk Den  
  41  8:37  Drone x3  
  41  8:38  Drone x2  
  45  8:46  Burrow  
  45  8:50  Spore Crawler  
  44  8:59  Drone x3  
  44  9:01  Drone  
  49  9:10  Drone x4  
  51  9:18  Muscular Augments  
  46  9:27  Overlord x2  
  46  9:30  Zergling x2  
  43  9:50  Zergling x14  
  43  9:51  Zergling x10  
  41  10:37  Spore Crawler  
  41  10:38  Queen x2  
  41  10:40  Zergling x24  
  54  11:12  Zergling x12  
  53  11:40  Overlord x2  
  48  11:47  Zergling x14  
Show
View Real Time Build Order
Export as new Build Order

Børinga Protoss 

Build Orders:  

Get SALT Encoding   

  12  0:02  Probe (Chrono Boost)  
  13  0:15  Pylon  
  13  0:17  Probe (Chrono Boost)  
  14  0:34  Gateway  
  14  0:35  Probe (Chrono Boost)  
  15  0:45  Assimilator  
  15  0:46  Probe (Chrono Boost)  
  17  0:57  Probe (Chrono Boost)  
  17  1:05  Assimilator  
  17  1:07  Probe (Chrono Boost)  
  18  1:18  Probe (Chrono Boost)  
  19  1:30  Probe (Chrono Boost)  
  20  1:34  Cybernetics Core  
  20  1:41  Probe (Chrono Boost)  
  21  1:51  Probe (Chrono Boost)  
  22  1:59  Warp Gate  
  22  2:02  Probe (Chrono Boost)  
  23  2:09  Pylon  
  23  2:16  Pylon  
  23  2:29  Gateway  
  25  2:30  Mothership Core (Chrono Boost), Gateway  
  25  2:34  Gateway  
  24  2:55  Pylon  
  24  3:06  Pylon  
  23  3:25  Stalker  
  27  3:28  Stalker  
  27  3:58  Gateway  
  27  4:00  Gateway  
  27  4:15  Stalker  
  29  4:18  Stalker x2  
  33  4:40  Stalker x2  
  37  4:53  Stalker  
  39  5:05  Pylon  
  39  5:06  Pylon  
  37  5:07  Stalker  
  37  5:08  Pylon  
  37  5:09  Stalker  
  37  5:10  Stalker  
  37  5:12  Stalker  
  39  5:32  Stalker x2  
  39  5:33  Stalker  
  43  6:02  Stalker x2  
  43  6:03  Stalker x2  
  43  6:20  Stalker  
  45  6:32  Stalker x2  
  47  6:40  Stalker x2  
  51  7:00  Stalker  
  51  7:01  Stalker x3  
  59  7:10  Twilight Council  
  59  7:47  Blink, Nexus  
  59  7:49  Pylon  
  47  8:13  Stalker x3  
  47  8:19  Stalker  
  55  8:33  Stalker x2  
  49  8:47  Stalker  
  51  8:54  Stalker  
  51  9:07  Pylon  
  51  9:23  Probe (Chrono Boost)  
  49  9:24  Probe (Chrono Boost)  
  49  9:33  Probe (Chrono Boost)  
  49  9:36  Probe (Chrono Boost)  
  51  9:40  Stalker  
  53  9:48  Probe (Chrono Boost)  
  53  9:50  Stalker  
  56  10:02  Probe (Chrono Boost)  
  56  10:03  Probe (Chrono Boost)  
  59  10:15  Probe x2 (Chrono Boost)  
  60  10:25  Probe (Chrono Boost)  
  60  10:28  Probe (Chrono Boost)  
  62  10:40  Probe (Chrono Boost)  
  63  11:02  Stalker x3  
  69  11:06  Pylon  
  69  11:10  Gateway, Pylon  
  69  11:11  Pylon  
  68  11:27  Nexus  
  68  11:59  Gateway  
  68  12:01  Gateway  
  68  12:04  Gateway  
Show
View Real Time Build Order
Export as new Build Order

Cyclone Protoss 

Build Orders:  

Get SALT Encoding   

  12  0:03  Probe (Chrono Boost)  
  13  0:14  Probe (Chrono Boost)  
  14  0:22  Pylon  
  14  0:24  Probe (Chrono Boost)  
  15  0:40  Gateway, Probe (Chrono Boost)  
  16  0:50  Assimilator  
  16  0:51  Probe (Chrono Boost)  
  17  1:04  Probe (Chrono Boost)  
  18  1:20  Probe (Chrono Boost)  
  19  1:33  Cybernetics Core  
  19  1:39  Pylon  
  19  1:42  Pylon, Probe (Chrono Boost)  
  20  1:48  Assimilator  
  20  2:13  Adept  
  22  2:21  Warp Gate  
  22  2:27  Mothership Core (Chrono Boost)  
  24  2:43  Adept  
  26  2:47  Probe (Chrono Boost)  
  28  2:59  Probe (Chrono Boost)  
  20  5:00  Mothership Core (Chrono Boost)  
  20  5:01  Adept  
  20  5:03  Pylon  
  20  5:07  Pylon  
  20  5:09  Pylon  
  20  5:10  Nexus  
  20  5:22  Gateway  
  20  5:28  Twilight Council  
  21  5:50  Probe (Chrono Boost)  
  21  5:58  Pylon  
  21  6:02  Probe (Chrono Boost)  
  22  6:06  Blink  
  22  6:14  Probe (Chrono Boost)  
  22  6:18  Pylon  
  23  6:20  Pylon  
  24  6:26  Assimilator, Probe (Chrono Boost)  
  24  6:38  Probe (Chrono Boost)  
  25  6:42  Adept x2  
  29  7:10  Forge  
  29  7:21  Dark Shrine  
  29  7:26  Gateway  
  23  8:19  Probe (Chrono Boost)  
  24  8:25  Pylon, Probe (Chrono Boost)  
  25  8:31  Probe (Chrono Boost)  
  25  8:32  Pylon  
  26  8:36  Probe (Chrono Boost)  
  27  8:43  Probe (Chrono Boost)  
  27  8:47  Probe (Chrono Boost)  
  27  8:48  Pylon  
  29  8:55  Probe (Chrono Boost)  
  30  8:57  Probe (Chrono Boost), Dark Templar x3  
  37  9:07  Probe (Chrono Boost)  
  37  9:08  Probe (Chrono Boost)  
  39  9:21  Protoss Ground Weapons Level 1  
  39  9:35  Dark Templar x3  
  45  10:21  Dark Templar x2  
  45  10:22  Dark Templar  
  51  11:02  Dark Templar x3  
  45  11:51  Stalker  
  45  11:52  Stalker x2  
Tags
 
Add a new tag
Caveats
  • Supply blocks, unpowered buildings, or Contaminate may cause inaccurate times.
  • Supply counts are checked every 10 seconds.